 Dungeon Crawl Stone Soup version 0.21.1-1-g345015f (webtiles) character file.

42 Monsterracer the Conjurer (level 3, -1/24 HPs)
             Began as a Barachi Wizard on June 10, 2018.
             Slain by a worker ant (5 damage)
             ... on level 4 of the Dungeon.
             The game lasted 00:05:11 (632 turns).

Monsterracer the Conjurer (Barachi Wizard)           Turns: 632, Time: 00:05:11

Health: -1/24      AC:  4    Str:  8    XL:     3   Next: 56%
Magic:  0/7        EV: 12    Int: 19    God:
Gold:   65         SH:  0    Dex: 10    Spells: 2/8 levels left

rFire    + . .     SeeInvis .   a - +2 dagger (venom)
rCold    x . .     Gourm    .   (no shield)
rNeg     . . .     Faith    .   f - +2 robe {MR+}
rPois    .         Spirit   .   l - +0 hat
rElec    .         Reflect  .   (no cloak)
rCorr    .         Harm     .   (no gloves)
MR       +....                  (no boots)
Stlth    ++........             (no amulet)
HPRegen  0.08/turn              h - ring of fire
MPRegen  0.10/turn              (no ring)

@: very slightly contaminated, slow
A: +LOS, swims, slowness 1, strong legs 1
a: Hop


You were on level 4 of the Dungeon.
You were not hungry.

You visited 1 branch of the dungeon, and saw 4 of its levels.

You collected 65 gold pieces.

Inventory:

Hand Weapons
 a - a +2 dagger of venom (weapon)
 b - a +2 dagger of draining
Armour
 f - a +2 robe of magic resistance (worn)
 l - a +0 hat (worn)
 m - a +2 cloak
Jewellery
 h - a ring of fire (left hand)
Scrolls
 e - 2 scrolls of identify
Potions
 i - a potion of curing
Books
 d - a book of Minor Magic

   Spells                             Type                      Level
   a - Magic Dart                     Conjuration                  1
   b - Blink                          Translocation                2
   c - Call Imp                       Summoning                    2
   d - Slow                           Hexes                        2
   e - Conjure Flame                  Conjuration/Fire             3
   f - Mephitic Cloud                 Conjuration/Poison/Air       3
Comestibles
 c - 4 rations


   Skills:
 - Level 2.1 Dodging
 - Level 1.7 Stealth
 - Level 3.2 Spellcasting
 + Level 3.7 Conjurations
   Level 1.2 Summonings
 - Level 1.1 Translocations


You had 2 spell levels left.
You knew the following spells:

 Your Spells              Type           Power        Failure   Level  Hunger
a - Magic Dart            Conj           ###.         3%          1    None
b - Conjure Flame         Conj/Fire      ###.....     21%         3    ###....
e - Blink                 Tloc           N/A          14%         2    ##.....


Dungeon Overview and Level Annotations

Branches:
Dungeon (4/15)
 Temple: D:4-7

Altars:


Innate Abilities, Weirdness & Mutations

Shadows flee at your approach. (+LOS)
You can swim through water.
You cover ground slowly.
You can hop short distances.


Message History

You are poisoned.
The worker ant poisons you!
You take 2 damage, and have 14/24 hp.
Casting: Magic Dart
Confirm with . or Enter, or press ? or * to list all spells.
Aiming: Magic Dart
Press: ? - help, Shift-Dir - straight line, f - worker ant
Aim: a worker ant The magic dart hits the worker ant.
The worker ant is lightly wounded.
You feel sick. The worker ant bites you.
* * * LOW HITPOINT WARNING * * *
You take 3 damage, and have 11/24 hp.
You now have 6/7 mp.
Casting: Magic Dart
Confirm with . or Enter, or press ? or * to list all spells.
Aiming: Magic Dart
Press: ? - help, Shift-Dir - straight line, f/p - worker ant
Aim: a worker ant (lightly wounded)
The magic dart hits the worker ant.
The worker ant is lightly wounded.
* * * LOW HITPOINT WARNING * * *
You feel sick.
The worker ant waves its antennae.
The worker ant misses you.
You take 1 damage, and have 10/24 hp.
You now have 5/7 mp.
Unknown command.
Casting: Magic Dart
Confirm with . or Enter, or press ? or * to list all spells.
Aiming: Magic Dart
Press: ? - help, Shift-Dir - straight line, f/p - worker ant
Aim: a worker ant (lightly wounded)
The magic dart hits the worker ant.
The worker ant is moderately wounded.
* * * LOW HITPOINT WARNING * * *
You feel sick.
The orc wizard mumbles some strange words.
The orc wizard seems to speed up.
The worker ant barely misses you.
An orc wizard comes into view. It is wielding a dagger.
You take 1 damage, and have 9/24 hp.
You now have 4/7 mp.
Casting: Magic Dart
Confirm with . or Enter, or press ? or * to list all spells.
Aiming: Magic Dart
Press: ? - help, Shift-Dir - straight line, f/p - worker ant
Aim: a worker ant (moderately wounded)
The magic dart hits the worker ant.
The worker ant is moderately wounded.
The worker ant bites you.
* * * LOW HITPOINT WARNING * * *
You take 2 damage, and have 7/24 hp.
You now have 3/7 mp.
Unknown command.
Casting: Magic Dart
Confirm with . or Enter, or press ? or * to list all spells.
Aiming: Magic Dart
Press: ? - help, Shift-Dir - straight line, f/p - worker ant
Aim: a worker ant (moderately wounded)
The magic dart hits the worker ant.
The worker ant is moderately wounded.
* * * LOW HITPOINT WARNING * * *
You feel sick. The worker ant closely misses you.
The worker ant waves its antennae.
The worker ant misses you.
You take 1 damage, and have 6/24 hp.
You now have 2/7 mp.
Casting: Magic Dart
Confirm with . or Enter, or press ? or * to list all spells.
Aiming: Magic Dart
Press: ? - help, Shift-Dir - straight line, f/p - worker ant
Aim: a worker ant (moderately wounded)
The magic dart hits the worker ant.
The worker ant is heavily wounded.
* * * LOW HITPOINT WARNING * * *
You feel sick. The worker ant barely misses you.
You now have 1/7 mp.
* * * LOW HITPOINT WARNING * * *
You feel sick. The worker ant bites you.
* * * LOW HITPOINT WARNING * * *
You take 5 damage, and have 1/24 hp.
MASSIVE DAMAGE!!
You feel better. The worker ant barely misses you.
You regained 5 hp, and now have 6/24 hp.
Unknown command.
The worker ant bites you.
* * * LOW HITPOINT WARNING * * *
You take 2 damage, and have 4/24 hp.
Casting: Magic Dart
Confirm with . or Enter, or press ? or * to list all spells.
Aiming: Magic Dart
Press: ? - help, Shift-Dir - straight line, f/p - worker ant
Aim: a worker ant (heavily wounded)
The magic dart hits the worker ant.
The worker ant is severely wounded.
The worker ant closely misses you.
You now have 1/7 mp.
Casting: Magic Dart
Confirm with . or Enter, or press ? or * to list all spells.
Aiming: Magic Dart
Press: ? - help, Shift-Dir - straight line, f/p - worker ant
Aim: a worker ant (severely wounded)
The magic dart hits the worker ant.
The worker ant is severely wounded.
The worker ant bites you.
You die...

*,******,***,,,,>,,,,****
*,,,,,,,,* *****,***,,*
********** *,,,,****,***
*,**,,,,,,,,,
*,********,** *,* *,,,*
### *<******,,,** ####*
#<# ***,,,,*,,,,* #...*
#@#*****,,,,*,,,,* #...*
#a#,,,,+,,,,*,,,,,
#...###o#,****,,,,****,,
#...o...#,* ****,* *,,
*#...#####,* *,****,,
#....*,,,,,* *,*,,,,,
#.###*,***** *,*,,,,, #,*
*,* *,+,,,,, *,* *,*
***,,,,,


You could see a worker ant and an orc wizard.

Vanquished Creatures
  An adder (D:2)
  An ooze (D:1)
  A dart slug (D:1)
  A leopard gecko (D:3)
  3 giant cockroaches (D:1)
  2 goblins
  A hobgoblin (D:1)
  4 jackals (D:3)
  2 bats
  2 frilled lizards
  6 kobolds
  A rat (D:1)
25 creatures vanquished.

Notes
Turn   | Place    | Note
-------+----------+-------------------------------------------
     0 | D:1      | Monsterracer the Barachi Wizard began the quest for the Orb.
     0 | D:1      | Reached XP level 1. HP: 13/13 MP: 4/4
   175 | D:1      | Reached XP level 2. HP: 13/19 MP: 1/6
   189 | D:1      | HP: 9/19 [giant cockroach (1)]
   293 | D:2      | HP: 9/19 [adder (3)]
   295 | D:2      | Reached XP level 3. HP: 10/24 MP: 0/7
   298 | D:2      | HP: 9/24 [poisoned by an adder]
   305 | D:2      | HP: 6/24 [poisoned by an adder]
   307 | D:2      | Learned a level 2 spell: Blink
   311 | D:2      | Learned a level 3 spell: Conjure Flame
   312 | D:2      | HP: 5/24 [poisoned by an adder]
   620 | D:4      | HP: 11/24 [worker ant (2)]
   625 | D:4      | HP: 6/24 [poisoned by a worker ant]
   627 | D:4      | HP: 1/24 [worker ant (4)]
   632 | D:4      | Slain by a worker ant

Skill      XL: |  1  2 |
---------------+-------+-----
Conjurations   | 2 3 |  3.7
Dodging        | |  2.1
Stealth        | |  1.7
Spellcasting   | |  3.2
Summonings     | |  1.2
Translocations | |  1.1

Action                   || total
-------------------------++-------
Melee: Dagger            ||    32
 Cast: Magic Dart        ||    46
  Use: Scroll            ||     4
       Potion            ||     1
Armor: Robe              ||    10
Dodge: Dodged            ||    35

Vault maps used:
D:1:      erik_arrival_cave_to_civilisation, serial_corexii_hall,
          corexii_hall_statues_l, corexii_hall_statues_deadend
D:2:      hangedman_decor_points, kennysheep_generic_room_13
D:4:      serial_shops, nicolae_shop_crystal, first_ration
